 Dungeon Crawl Stone Soup version 0.23.2-33-g5129a83184 (webtiles) character file.

Game seed: 10972773099625844285

186 FishyPogo the Stinger (level 5, 0/28 HPs)
             Began as a Deep Elf Venom Mage on Aug 7, 2019.
             Was an Initiate of Fedhas.
             Splashed by a jelly's acid (7 damage)
             ... on level 5 of the Dungeon.
             The game lasted 00:18:35 (3678 turns).

FishyPogo the Stinger (Deep Elf Venom Mage)         Turns: 3678, Time: 00:18:36

Health: 0/28       AC: -6    Str:  5    XL:     5   Next: 38%
Magic:  9/11       EV: 13    Int: 21    God:    Fedhas [......]
Gold:   257        SH:  0    Dex: 15    Spells: 4/10 levels left

rFire    . . .     SeeInvis .   n - +1 long sword (slice)
rCold    . . .     Gourm    .   (no shield)
rNeg     + . .     Faith    .   a - +0 robe
rPois    .         Spirit   .   (no helmet)
rElec    .         Reflect  .   (no cloak)
rCorr    .         Harm     .   (no gloves)
MR       .....                  (no boots)
Stlth    ++........             (no amulet)
HPRegen  0.09/turn              o - ring of positive energy
MPRegen  0.12/turn              (no ring)

@: corroded, flying, very slightly contaminated
A: no striking features
a: Fungal Bloom, Renounce Religion


You were on level 5 of the Dungeon.
You worshipped Fedhas.
Fedhas was noncommittal.
You were not hungry.

You visited 2 branches of the dungeon, and saw 6 of its levels.

You collected 257 gold pieces.

Inventory:

Hand Weapons
 e - a +0 spear
 n - a +1 long sword of slicing (weapon)
 p - a +0 quarterstaff
Armour
 a - a +0 robe (worn)
Magical Staves
 r - an uncursed staff of fire
Jewellery
 o - a ring of positive energy (left hand)
Scrolls
 g - 4 scrolls of remove curse {unknown}
 h - 8 scrolls of identify {unknown}
Potions
 b - a potion of berserk rage {unknown}
 f - 2 potions of invisibility {unknown}
 i - 3 potions of curing {unknown}
 j - a potion of haste {unknown}
 k - 3 potions of might {unknown}
 m - a potion of experience {unknown}
Comestibles
 c - 10 rations
 d - 2 chunks of flesh


   Skills:
 - Level 1.1 Staves
 + Level 3.3 Dodging
 - Level 3.0 Stealth
 + Level 3.2 Spellcasting
 - Level 3.0 Conjurations
 + Level 0.2 Air Magic
 * Level 4.5 Poison Magic
 * Level 1.7 Evocations


You had 4 spell levels left.
You knew the following spells:

 Your Spells              Type           Power        Failure   Level  Hunger
a - Sting                 Conj/Pois      ###.         2%          1    None
b - Poisonous Vapours     Pois/Air       ##....       8%          2    ##.....
c - Mephitic Cloud        Conj/Pois/Air  ##......     13%         3    ###....

Your spell library contained the following spells:

 Spells                   Type           Power        Failure   Level  Hunger
 Olgreb's Toxic Radiance  Pois           ###.....     21%         4    ####...
 Venom Bolt               Conj/Pois      ###.......   58%         5    ######.


Dungeon Overview and Level Annotations

Branches:
Dungeon (5/15)             Temple (1/1) D:4

Altars:
Cheibriados
Fedhas
Gozag
Qazlal
Ru
Trog

Annotations:
D:3 1 runed translucent door, Tommers's ghost, weakling DECj


Message History

Press: ? - help, Shift-Dir - straight line, f/p - jelly
Aim: a jelly (moderately wounded, poisoned)
You miscast Sting.
You are very lightly contaminated with residual magic.
Nothing appears to happen.
The jelly hits you. The acid corrodes you!
You are splashed with acid!
The jelly hits you. The acid corrodes you!
You are splashed with acid!
The jelly looks more healthy.
There is an open door here.
There is an open door here.
The jelly jiggles.
Okay, then.
It was a potion of flight.
You feel very buoyant.
You fly up into the air.
The jelly hits you.
* * * LOW HITPOINT WARNING * * *
You are splashed with acid!
You die...
Fedhas appreciates your contribution to the ecosystem.

#.....#...(..'....##'##........
#>....#......#....#......###..#
#.....#......#....#......'.'
#.........##....#......### #.
#.........'รท....'......# #.
#.........##....##'#########.
#.........##....##...##....#
#......>..##.J..##....#....##
#.........##@...##....#....##
#.........##....##....#....##
##...............##....'....##
#................##....#....##
#................##....#....##
#................##....#....##
#................##........###
#######..........##.....#....+
#..........##.....##.###


You could see a jelly.

Vanquished Creatures
  A scorpion (D:4)
  A howler monkey (D:5)
  An adder (D:3)
  An ooze (D:1)
  2 adder skeletons (D:4)
  A worm (D:2)
  A dart slug (D:2)
  3 leopard geckos
  6 orcs
  10 bats
  4 giant cockroaches
  5 hobgoblins
  5 jackals (D:1)
  A quokka (D:5)
  2 ball pythons (D:3)
  7 frilled lizards
  6 goblins
  6 kobolds
  4 rats
67 creatures vanquished.

Vanquished Creatures (others)
  A toadstool (D:3)
1 creature vanquished.

Grand Total: 68 creatures vanquished

Notes
Turn   | Place    | Note
-------+----------+-------------------------------------------
     0 | D:1      | FishyPogo the Deep Elf Venom Mage began the quest for the
                  | Orb.
     0 | D:1      | Reached XP level 1. HP: 10/10 MP: 6/6
   134 | D:1      | Reached XP level 2. HP: 13/15 MP: 1/8
   206 | D:1      | Learned a level 2 spell: Poisonous Vapours
   940 | D:2      | Reached XP level 3. HP: 19/19 MP: 7/9
  1437 | D:3      | Reached skill level 4 in Poison Magic
  1446 | D:3      | Learned a level 3 spell: Mephitic Cloud
  1456 | D:3      | Found a runed translucent door.
  1604 | D:3      | Noticed Tommers's ghost (weakling DECj)
  1684 | D:3      | Found a bloodstained altar of Trog.
  1687 | D:3      | Found a snail-covered altar of Cheibriados.
  1690 | D:3      | Found a sacrificial altar of Ru.
  1711 | D:3      | Found a stormy altar of Qazlal.
  1715 | D:3      | Found a blossoming altar of Fedhas.
  1724 | D:3      | Became a worshipper of Fedhas Madash
  1892 | D:3      | Reached XP level 4. HP: 24/24 MP: 7/10
  2351 | D:4      | Found a blossoming altar of Fedhas.
  2681 | D:4      | Reached skill level 1 in Evocations
  2716 | D:4      | Found a staircase to the Ecumenical Temple.
  2803 | Temple   | Entered the Ecumenical Temple
  3053 | D:5      | Entered Level 5 of the Dungeon
  3083 | D:5      | Reached XP level 5. HP: 28/28 MP: 7/11
  3136 | D:5      | Noticed an eye of draining
  3137 | D:5      | Noticed an eye of draining
  3137 | D:5      | Noticed an ice beast
  3470 | D:5      | Found an opulent altar of Gozag.
  3559 | D:5      | Reached skill level 1 in Staves
  3678 | D:5      | Splashed by a jelly's acid

Skill      XL: |  1  2  3  4  5 |
---------------+----------------+-----
Conjurations   | 2 3 |  3.0
Stealth        | 3 |  3.0
Poison Magic   | 4 |  4.5
Dodging        | 3 |  3.3
Evocations     | 1 |  1.7
Staves         | 1 |  1.1
Spellcasting   | |  3.2
Air Magic      | |  0.2

Action                   |  1- 3 |  4- 6 || total
-------------------------+-------+-------++-------
Melee: Spear             |    28 |       ||    28
       Quarterstaff      |     1 |     8 ||     9
       Staff             |       |    31 ||    31
       Long sword        |       |     3 ||     3
 Cast: Sting             |    64 |    42 ||   106
       Poisonous Vapours |    11 |     5 ||    16
Invok: Fungal Bloom      |     1 |       ||     1
  Use: Scroll            |       |     5 ||     5
       Potion            |       |     1 ||     1
 Stab: Sleeping          |     1 |     2 ||     3
  Eat: Chunk             |     3 |     6 ||     9
Armor: Robe              |     3 |     8 ||    11
Dodge: Dodged            |    24 |    36 ||    60
       Rpst.: Long sword |       |     1 ||     1
